 Dungeon Crawl Stone Soup version 0.32-a0-918-g0f22ef8d61 (webtiles) character file.

Game seed: 8887282343893743741

23755 dialectric the Blocker (level 13, -11/104 HPs)
             Began as a Gnoll Fighter on Apr 11, 2024.
             Mangled by a death yak (18 damage)
             ... led by a torpor snail
             ... on level 3 of the Lair of Beasts.
             The game lasted 00:20:33 (11976 turns).

dialectric the Blocker (Gnoll Fighter)             Turns: 11976, Time: 00:20:33

Health: -11/104    AC: 20    Str: 22    XL:     13   Next: 8%
Magic:  34/34      EV: 14    Int:  8    God:
Gold:   888        SH:  0    Dex: 18    Spells: 24/28 levels left

rFire   . . .        v - +9 hand axe of Prudence {vamp, Str+2}
rCold   + . .        (no shield)
rNeg    . . .        r - +5 scale mail of Ziussiq {rPois MP+9 SInv Stlth+}
rPois   +            F - +2 helmet
rElec   .            (no cloak)
rCorr   .            x - +0 pair of gloves
SInv    +            q - +0 pair of boots
Will    .....        e - amulet of regeneration
Stlth   ++++         j - +6 ring of dexterity
HPRegen 1.17/turn    g - ring of protection from cold
MPRegen 0.24/turn

%: no passive effects
@: weak-willed, studying Shields
A: fangs 1, strong nose, distributed training
a: no special abilities


You were on level 3 of the Lair of Beasts.
You visited 2 branches of the dungeon, and saw 14 of its levels.

You collected 888 gold pieces.

Inventory:

Hand Weapons
 b - the +1 demon whip of Comodo {pain, rPois rN+}
   (You found it on level 4 of the Lair of Beasts)

   rPois:     It protects you from poison.
   rN+:       It protects you from negative energy.
 l - a +0 orcbow
 v - the +9 hand axe of Prudence (weapon) {vamp, Str+2}
   (You found it on level 7 of the Dungeon)

   Str+2:     It affects your strength (+2).
 B - a +3 morningstar of protection
Missiles
 t - 13 poisoned darts (quivered)
 y - a throwing net
Armour
 c - a +0 buckler
 k - the +3 hat of Pondering {ponderous, Will+ MP+10 Int+5}
   (You took it off Gastronok on level 8 of the Dungeon)

   Int+5:     It affects your intelligence (+5).
   Will+:     It increases your willpower.
   MP+10:     It affects your magic capacity (+10).
 n - a +0 helmet
 q - a +0 pair of boots (worn)
 r - the +5 scale mail of Ziussiq (worn) {rPois MP+9 SInv Stlth+}
   (You found it on level 3 of the Dungeon)

   rPois:     It protects you from poison.
   MP+9:      It affects your magic capacity (+9).
   SInv:      It lets you see invisible.
   Stlth+:    It makes you more stealthy.
 x - a +0 pair of gloves (worn)
 F - a +2 helmet (worn)
Jewellery
 e - an amulet of regeneration (around neck)
 g - a ring of protection from cold (right hand)
 j - a +6 ring of dexterity (left hand)
 H - an amulet of reflection
Wands
 a - a wand of flame (35)
 d - a wand of mindburst (8)
 C - a wand of charming (11)
Scrolls
 h - 4 scrolls of teleportation
 i - a scroll of poison
 m - a scroll of blinking {unknown}
 o - 2 scrolls of noise
 D - a scroll of identify
Potions
 f - 5 potions of curing
 p - 4 potions of magic
 u - a potion of attraction
 w - 2 potions of resistance
 z - 2 potions of heal wounds
 A - a potion of brilliance
 E - a potion of cancellation {unknown}
 G - a potion of ambrosia
Miscellaneous
 s - a lightning rod (4/4)


   Skills:
 + Level 10.5 Fighting
 + Level 8.2 Short Blades
 + Level 8.2 Long Blades
 + Level 8.2 Axes
 + Level 9.5 Maces & Flails
 + Level 8.2 Polearms
 + Level 8.2 Staves
 + Level 8.2 Ranged Weapons
 + Level 8.2 Throwing
 + Level 10.5 Armour
 + Level 8.2 Dodging
 + Level 8.2 Stealth
 + Level 12.4 Shields
 + Level 8.2 Unarmed Combat
 + Level 8.2 Spellcasting
 + Level 6.8 Conjurations
 + Level 6.8 Hexes
 + Level 6.8 Summonings
 + Level 6.8 Necromancy
 + Level 6.8 Translocations
 + Level 6.8 Fire Magic
 + Level 6.8 Ice Magic
 + Level 6.8 Air Magic
 + Level 6.8 Earth Magic
 + Level 6.8 Alchemy
 + Level 9.0 Invocations
 + Level 8.2 Evocations
 + Level 7.5 Shapeshifting


You had 24 spell levels left.
You knew the following spells:

 Your Spells              Type           Power      Damage    Failure   Level
a - Animate Dead          Necr           14%        N/A       24%         4

Your spell library contained the following spells:

 Spells                   Type           Power      Damage    Failure   Level
 Foxfire                  Conj/Fire      56%        2x1d6     2%          1
 Sting                    Conj/Alch      56%        1d6       2%          1
 Cigotuvi's Dreadful Rot  Necr/Alch/Air  28%        N/A       3%          2
 Lesser Beckoning         Tloc           28%        N/A       3%          2
 Mercury Vapours          Alch/Air       28%        N/A       3%          2
 Frozen Ramparts          Ice            28%        1d5       8%          3
 Maxwell's Portable Pile  Tloc           14%        2d(6-17)  8%          3
 Ozocubu's Armour         Ice            14%        N/A       8%          3
 Teleport Other           Tloc           14%        N/A       8%          3
 Dispel Undead            Necr           14%        3d10      24%         4
 Martyr's Knell           Necr/Summ      14%        N/A       24%         4
 Olgreb's Toxic Radiance  Alch           14%        N/A       24%         4
 Metabolic Englaciation   Hex/Ice        7%         N/A       56%         5
 Plasma Beam              Fire/Air       7%         2x1d17    98%         6
 Starburst                Conj/Fire      7%         6d4       98%         6
 Haunt                    Necr/Summ      7%         N/A       100%        7
 Infestation              Necr           7%         N/A       100%        8


Dungeon Overview and Level Annotations

Branches:
Dungeon (10/15)            Temple (0/1) D:6            Lair (4/5) D:9
 Shoals (0/4) Lair:3       Spider (0/4) Lair:2
  Slime: Lair:4-5       Orc: D:9-12

Altars:
Elyvilon
Gozag
Makhleb
Okawaru
Trog
Uskayaw
Vehumet
Xom

Annotations:
D:6 2 transporters
D:10 Urug


Innate Abilities, Weirdness & Mutations

You have very sharp teeth.
Your uncanny sense of smell can sniff out nearby items.
Your experience applies equally to all skills.


Message History

The yak gores you but does no damage.
The death yak attacks as it pursues you!
The death yak gores you but does no damage.
The yak barely misses you.
The death yak attacks as it pursues you!
The death yak gores you!
The torpor snail bites you but does no damage.
The yak gores you. The death yak gores you. The yak attacks as it pursues you!
The yak closely misses you. x2
The death yak attacks as it pursues you!
The death yak gores you!
The death yak attacks as it pursues you!
The death yak gores you but does no damage.
The death yak closely misses you.
The death yak attacks as it pursues you!
The death yak gores you!!
* * * LOW HITPOINT WARNING * * *
The death yak gores you but does no damage.
The death yak attacks as it pursues you!
The death yak gores you!
* * * LOW HITPOINT WARNING * * *
The death yak gores you!
* * * LOW HITPOINT WARNING * * *
The death yak attacks as it pursues you!
The death yak gores you!
* * * LOW HITPOINT WARNING * * *
There is a stone staircase leading up, spattered with blood here.
The death yak gores you but does no damage.
The death yak gores you.
* * * LOW HITPOINT WARNING * * *
The death yak gores you but does no damage.
You climb upwards.
You feel yourself speed up.
There is a stone staircase leading down, spattered with blood here.
Unknown command.
As you read the scroll labelled ASEWYDGHU KESSE, it crumbles to dust.
A wave of despondency washes over your surroundings.
It was a scroll of vulnerability.
The death yak gores you!!
You die...

.......#..#†.#...÷...............
...#####...###...................
...# ##...# #...#...............
..## ##...####...................
...###.#..##.#......~~≈~~≈~~..#..
...#................~≈≈≈≈≈~~..#..
....P...............~≈≈≈≈≈≈~..#†.
................YY..≈♣♣♣♣♣♣~.....
....#.÷.........@...~♣ ♣~.....
....................≈♣ ♣~.....
....#...............~♣ ♣≈.....
....................~♣ ♣~..##.
....................~♣♣♣♣♣♣~...#.
....#...............≈≈≈≈~~~~..#..
......>.........<...####......##.
..................###≈≈##$###*#.#
.....####..###...###≈≈≈≈*,* ###


You could see 2 death yaks.

Vanquished Creatures
  Gastronok (D:8)
  2 death yaks
  5 elephants (Lair:3)
  4 black mambas
  6 cane toads
  4 rime drakes
  7 komodo dragons
  2 polar bears
  2 raiju (D:9)
  7 blink frogs
  3 hornets
  4 culicivoras (Lair:2)
  A shadow (D:10)
  25 yaks
  A basilisk (Lair:3)
  An acid dragon (D:9)
  10 water moccasins
  An orc warrior (D:5)
  4 ice beasts
  2 sky beasts
  3 ogres
  14 wolves
  A centaur (D:7)
  A phantom (D:5)
  9 bullfrogs
  2 gnoll sergeants
  A scorpion (D:7)
  12 wights
  8 killer bees (D:9)
  4 howler monkeys
  4 electric eels (D:9)
  7 hounds
  3 bombardier beetles
  2 jellies (D:6)
  3 orc priests
  3 gnoll boudas
  4 sleepcaps
  3 iguanas
  10 orc wizards
  28 gnolls
  3 adders
  2 shadow imps (D:7)
  2 white imps
  4 ufetubi
  6 dart slugs
  3 ribbon worms
  35 orcs
  12 endoplasms
  4 giant cockroaches
  4 goblins
  6 hobgoblins
  12 jackals
  9 kobolds
  4 quokkas
  5 ball pythons
  3 bats
  5 frilled lizards
  7 rats
340 creatures vanquished.

Notes
Turn   | Place    | Note
-------+----------+-------------------------------------------
     0 | D:1      | dialectric the Gnoll Fighter began the quest for the Orb.
     0 | D:1      | Reached XP level 1. HP: 23/23 MP: 1/1
   119 | D:1      | Reached XP level 2. HP: 21/29 MP: 2/2
   325 | D:1      | Found a faded altar of an unknown god.
   789 | D:2      | Reached XP level 3. HP: 35/35 MP: 3/3
   921 | D:2      | Reached skill level 1 in Invocations
  1363 | D:3      | Reached skill level 1 in Short Blades
  1363 | D:3      | Reached skill level 1 in Long Blades
  1363 | D:3      | Reached skill level 1 in Axes
  1363 | D:3      | Reached skill level 1 in Polearms
  1363 | D:3      | Reached skill level 1 in Staves
  1363 | D:3      | Reached skill level 1 in Ranged Weapons
  1363 | D:3      | Reached skill level 1 in Throwing
  1363 | D:3      | Reached skill level 1 in Dodging
  1363 | D:3      | Reached skill level 1 in Stealth
  1363 | D:3      | Reached skill level 1 in Unarmed Combat
  1363 | D:3      | Reached skill level 1 in Spellcasting
  1363 | D:3      | Reached skill level 1 in Evocations
  1363 | D:3      | Reached skill level 1 in Shapeshifting
  1363 | D:3      | Reached XP level 4. HP: 41/41 MP: 5/5
  1403 | D:3      | Reached skill level 1 in Conjurations
  1403 | D:3      | Reached skill level 1 in Hexes
  1403 | D:3      | Reached skill level 1 in Summonings
  1403 | D:3      | Reached skill level 1 in Necromancy
  1403 | D:3      | Reached skill level 1 in Translocations
  1403 | D:3      | Reached skill level 1 in Fire Magic
  1403 | D:3      | Reached skill level 1 in Ice Magic
  1403 | D:3      | Reached skill level 1 in Air Magic
  1403 | D:3      | Reached skill level 1 in Earth Magic
  1403 | D:3      | Reached skill level 1 in Alchemy
  1434 | D:3      | Reached XP level 5. HP: 36/47 MP: 7/7
  1560 | D:3      | Identified the +5 scale mail of Ziussiq {rPois MP+9 SInv
                  | Stlth+}
  2173 | D:4      | Reached XP level 6. HP: 39/53 MP: 8/8
  2336 | D:4      | Reached skill level 5 in Maces & Flails
  3184 | D:5      | Entered Level 5 of the Dungeon
  3220 | D:5      | Reached skill level 7 in Shields
  3220 | D:5      | Reached XP level 7. HP: 31/60 MP: 10/10
  3727 | D:5      | Found a radiant altar of Vehumet.
  3851 | D:5      | Reached XP level 8. HP: 65/67 MP: 12/12
  4469 | D:6      | Found a staircase to the Ecumenical Temple.
  4562 | D:6      | Found a burning altar of Makhleb.
  4562 | D:6      | Noticed a green death
  4867 | D:6      | Noticed a hornet
  4893 | D:6      | Killed a hornet
  4894 | D:6      | Reached XP level 9. HP: 45/74 MP: 15/15
  4960 | D:6      | Found a transporter.
  4985 | D:6      | Found a transporter.
  6034 | D:7      | Reached skill level 8 in Shields
  6106 | D:7      | Reached skill level 5 in Invocations
  6183 | D:7      | Identified a scroll of acquirement
  6299 | D:7      | Acquired a manual of Shields
  6569 | D:7      | Identified the +9 hand axe of Prudence {vamp, Str+2}
  6609 | D:7      | Found a shimmering altar of Xom.
  6812 | D:8      | Reached skill level 5 in Short Blades
  6812 | D:8      | Reached skill level 5 in Long Blades
  6812 | D:8      | Reached skill level 5 in Axes
  6812 | D:8      | Reached skill level 5 in Polearms
  6812 | D:8      | Reached skill level 5 in Staves
  6812 | D:8      | Reached skill level 5 in Ranged Weapons
  6812 | D:8      | Reached skill level 5 in Throwing
  6812 | D:8      | Reached skill level 5 in Dodging
  6812 | D:8      | Reached skill level 5 in Stealth
  6812 | D:8      | Reached skill level 5 in Unarmed Combat
  6812 | D:8      | Reached skill level 5 in Spellcasting
  6812 | D:8      | Reached skill level 5 in Evocations
  6819 | D:8      | Noticed a hornet
  6828 | D:8      | Reached XP level 10. HP: 79/81 MP: 17/17
  6830 | D:8      | Noticed Gastronok
  6871 | D:8      | Killed Gastronok
  6872 | D:8      | Reached skill level 9 in Shields
  6872 | D:8      | Reached skill level 5 in Shapeshifting
  7039 | D:8      | Found an opulent altar of Gozag.
  7381 | D:9      | Found a staircase to the Lair.
  7491 | D:9      | Reached skill level 5 in Conjurations
  7491 | D:9      | Reached skill level 5 in Hexes
  7491 | D:9      | Reached skill level 5 in Summonings
  7491 | D:9      | Reached skill level 5 in Necromancy
  7491 | D:9      | Reached skill level 5 in Translocations
  7491 | D:9      | Reached skill level 5 in Fire Magic
  7491 | D:9      | Reached skill level 5 in Ice Magic
  7491 | D:9      | Reached skill level 5 in Air Magic
  7491 | D:9      | Reached skill level 5 in Earth Magic
  7491 | D:9      | Reached skill level 5 in Alchemy
  7491 | D:9      | Reached XP level 11. HP: 77/89 MP: 20/20
  7532 | D:9      | Found a bloodstained altar of Trog.
  7589 | D:9      | Reached skill level 10 in Shields
  8131 | D:10     | Entered Level 10 of the Dungeon
  8394 | D:10     | Found a hide-covered altar of Uskayaw.
  8399 | D:10     | Found a white marble altar of Elyvilon.
  8399 | D:10     | Found an iron altar of Okawaru.
  8733 | D:10     | Noticed Urug
  8811 | Lair:1   | Entered Level 1 of the Lair of Beasts
  9460 | Lair:1   | Reached skill level 11 in Shields
  9468 | Lair:1   | Reached XP level 12. HP: 87/97 MP: 22/22
 10044 | Lair:2   | Noticed a five-headed hydra
 10114 | Lair:2   | Reached skill level 10 in Fighting
 10114 | Lair:2   | Reached skill level 10 in Armour
 10125 | Lair:2   | Found a hole to the Spider Nest.
 10991 | Lair:2   | You fall into a shaft and drop 2 floors!
 11059 | Lair:4   | Reached skill level 12 in Shields
 11114 | Lair:3   | Noticed a skyshark
 11237 | Lair:3   | Noticed a four-headed hydra
 11318 | Lair:4   | Learned a level 4 spell: Animate Dead
 11385 | Lair:4   | Noticed a death yak
 11386 | Lair:4   | Noticed a death yak
 11387 | Lair:4   | Noticed a death yak
 11422 | Lair:4   | Killed a death yak
 11423 | Lair:4   | Reached XP level 13. HP: 84/104 MP: 25/25
 11900 | Lair:4   | Identified the +1 demon whip of Comodo {pain, rPois rN+}
 11973 | Lair:4   | HP: 3/104 [death yak[a torpor snail] (10)]
 11976 | Lair:3   | Mangled by a death yak

Illustrated notes

Levels and vault maps discovered:
D:1:      dpeg_arrival_lava_temple_mockup, layout_basic,
          shapermc_ecumenical_altar_pompeii
D:2:      layout_basic
D:3:      minmay_chambers_of_threes, layout_rooms
D:4:      layout_loops_ring, serial_aquarium, aquarium_bridge_long_separate
          [aquarium_subvault_balcony, aquarium_subvault_bridge,
          aquarium_subvault_bridge, aquarium_subvault_window,
          aquarium_subvault_wall, aquarium_subvault_bridge],
          aquarium_bridge_square [aquarium_subvault_balcony,
          aquarium_subvault_window, aquarium_subvault_bridge,
          aquarium_subvault_balcony], aquarium_window_fake,
          aquarium_window_corridor_1, aquarium_window_1, aquarium_view_4,
          aquarium_balcony_3b, minmay_diced_spiral
D:5:      layout_layer_cave, nicolae_vehumet_altar_sigil, serial_glass,
          glass_columns_b, glass_columns_b, minmay_misc_feat_cross
D:6:      gammafunk_steamed_eel, layout_layer_cave, makhleb_altar_promises_db,
          minmay_temple_entry_junction
D:7:      layout_loops_ring, lemuel_coloured_pillars_altar, enter_bailey_2
D:8:      layout_rooms, nicolae_gozag_cash_rules_everything_around_me,
          uniq_gastronok
D:9:      layout_basic, mainiacjoe_overflow_alcove_4, hellmonk_lair_entry_icy,
          nicolae_have_a_lightning_rod
D:10:     layout_basic, mainiacjoe_overflow_alcove_1, minitemple, uniq_urug
Lair:1:   layout_small_grid, chequers_serial_rivers_small_a, grunt_megastairs_5
Lair:2:   layout_hall_layers, hellmonk_spider_entry_life_and_decay,
          cheibrodos_lair_reptile_den
Lair:3:   layout_gridlike, minmay_shoals_entry_lonely_mermaid,
          gauntlet_entry_generic, serial_rivers, chequers_serial_rivers_micro_c,
          chequers_serial_rivers_micro_c, chequers_serial_rivers_micro_b,
          chequers_serial_rivers_micro_e, chequers_serial_rivers_micro_a,
          chequers_serial_rivers_micro_b
Lair:4:   layout_regular_city

Skill      XL: |  1  2  3  4  5  6  7  8  9 10 11 12 13 |
---------------+----------------------------------------+-----
Invocations    | 1 2 3 4 5 6 7 8 9 |  9.0
Short Blades   | 1 2 3 4 5 6 7 8 |  8.2
Long Blades    | 1 2 3 4 5 6 7 8 |  8.2
Axes           | 1 2 3 4 5 6 7 8 |  8.2
Polearms       | 1 2 3 4 5 6 7 8 |  8.2
Staves         | 1 2 3 4 5 6 7 8 |  8.2
Ranged Weapons | 1 2 3 4 5 6 7 8 |  8.2
Throwing       | 1 2 3 4 5 6 7 8 |  8.2
Dodging        | 1 2 3 4 5 6 7 8 |  8.2
Stealth        | 1 2 3 4 5 6 7 8 |  8.2
Unarmed Combat | 1 2 3 4 5 6 7 8 |  8.2
Spellcasting   | 1 2 3 4 5 6 7 8 |  8.2
Evocations     | 1 2 3 4 5 6 7 8 |  8.2
Shapeshifting  | 1 2 3 4 5 6 7 |  7.5
Conjurations   | 1 2 3 4 5 6 |  6.8
Hexes          | 1 2 3 4 5 6 |  6.8
Summonings     | 1 2 3 4 5 6 |  6.8
Necromancy     | 1 2 3 4 5 6 |  6.8
Translocations | 1 2 3 4 5 6 |  6.8
Fire Magic     | 1 2 3 4 5 6 |  6.8
Ice Magic      | 1 2 3 4 5 6 |  6.8
Air Magic      | 1 2 3 4 5 6 |  6.8
Earth Magic    | 1 2 3 4 5 6 |  6.8
Alchemy        | 1 2 3 4 5 6 |  6.8
Maces & Flails | 5 6 7 8 9 |  9.5
Fighting       | 7 8 9 10 | 10.5
Armour         | 7 8 9 10 | 10.5
Shields        | 7 8 9 11 12 | 12.4

Action                     |  1- 3 |  4- 6 |  7- 9 | 10-12 | 13-15 || total
---------------------------+-------+-------+-------+-------+-------++-------
  Melee: Flail             |   107 |   220 |   371 |       |       ||   698
         Bite              |     4 |    18 |    54 |   108 |     5 ||   189
         Hand axe          |       |       |    49 |   653 |    42 ||   744
  Throw: Dart              |       |     5 |       |     5 |       ||    10
    Use: Scroll            |       |     2 |    10 |    11 |     1 ||    24
         Potion            |       |       |     2 |     2 |       ||     4
   Stab: Sleeping          |       |       |    10 |     8 |     1 ||    19
         Distracted        |       |       |       |     1 |       ||     1
 Armour: Scale mail        |   105 |   237 |   373 |   730 |    67 ||  1512
  Dodge: Dodged            |    48 |   150 |   328 |   608 |    36 ||  1170

Table legend: (Time is in decaauts)
 A = Elapsed time spent in this place.
 B = Non-inter-level travel time spent in this place.
 C = Inter-level travel time spent in this place.
 D = Time resting spent in this place.
 E = Time spent auto-exploring this place.
 F = Levels seen in this place.
 G = Mean time per level.
                   A        B        C        D        E       F      G
               +--------+--------+--------+--------+--------+-----+--------+
         Total |  12083 |  11626 |    457 |    403 |   7342 |  14 |  863.1 |
       Dungeon |   9088 |   8667 |    421 |    209 |   6165 |  10 |  908.8 |
          Lair |   2995 |   2960 |     35 |    194 |   1177 |   4 |  748.8 |
               +--------+--------+--------+--------+--------+-----+--------+

Top non-repeatable levels by time:
     D:6: 1394 daAuts
     D:5: 1285 daAuts
     D:4: 1181 daAuts
     D:9: 1075 daAuts
  Lair:1: 1006 daAuts
     D:7: 869 daAuts
     D:1: 814 daAuts
  Lair:2: 792 daAuts
     D:3: 739 daAuts
  Lair:4: 680 daAuts
    D:10: 633 daAuts
     D:8: 592 daAuts
  Lair:3: 515 daAuts
     D:2: 501 daAuts
